 Dungeon Crawl Stone Soup version 0.29-a0-1009-g60c99734e7 (webtiles) character file.

Game seed: 16986956079852097720

1257 wilfster70 the Magician (level 8, -3/56 HPs)
             Began as a Djinni Conjurer on Aug 8, 2022.
             Was an Initiate of Makhleb.
             Slain by a gnoll
             ... wielding a +0 spear
             ... led by a gnoll bouda
              (4 damage)
             ... on level 6 of the Dungeon.
             The game lasted 00:14:14 (6457 turns).

wilfster70 the Magician (Djinni Conjurer)           Turns: 6457, Time: 00:14:15

Health: -3/56      AC:  2    Str:  8    XL:     8   Next: 81%
Gold:   159        EV: 12    Int: 22    God:    Makhleb [......] SH:  0 Dex: 12

rFire   + + .      SeeInvis .   a - +10 lajatang of Salt {venom, rPois MP-9 Str+2}
rCold   x . .      Faith    .   (shield currently unavailable)
rNeg    . . .      Spirit   .   k - +0 robe
rPois   ∞          Reflect  .   (no helmet)
rElec   .          Harm     .   (no cloak)
rCorr   .          Rampage  .   (no gloves)
Will    .....                   (boots unavailable)
Stlth   ++........              (no amulet)
HPRegen 0.18/turn               m - +4 ring of slaying
MPRegen 0.00/turn               (no ring)

@: flying
A: sickness immunity, fire resistance 2, cold vulnerability 1, float, innate
caster, HP casting, extra vitality 1
a: Renounce Religion


You were on level 6 of the Dungeon.
You worshipped Makhleb.
Makhleb was noncommittal.
You visited 2 branches of the dungeon, and saw 7 of its levels.

You collected 159 gold pieces.

Inventory:

Hand Weapons
 a - the +10 lajatang of Salt (weapon) {venom, rPois MP-9 Str+2}
   (You acquired it on level 3 of the Dungeon)

   It poisons the flesh of those it strikes.
   Str:       It affects your strength (+2).
   rPois:     It protects you from poison.
   MP:        It affects your magic capacity (-9).
 b - a +1 sling of venom
 g - a +1 trident
Missiles
 d - 2 poisoned darts
 h - 6 silver javelins
Armour
 k - a +0 robe (worn)
Jewellery
 i - a ring of fire
 m - a +4 ring of slaying (left hand)
Wands
 j - a wand of flame (7)
 s - a wand of polymorph (2)
 t - a wand of charming (10)
 v - a wand of roots (10)
Potions
 c - a potion of ambrosia
 e - a potion of heal wounds
 f - 3 potions of curing
 l - a potion of lignification
 n - 2 potions of attraction {unknown}
 p - a potion of degeneration {unknown}
 r - a potion of cancellation {unknown}


   Skills:
 + Level 3.3 Fighting
 - Level 6.0 Staves
 - Level 2.1 Dodging
 - Level 1.5 Stealth
 - Level 6.0 Spellcasting


You couldn't memorise any spells.
You knew the following spells:

 Your Spells              Type           Power      Damage    Failure   Level
a - Magic Dart            Conj           100%       1d8       1%          1
b - Searing Ray           Conj           66%        2d6       1%          2
c - Dazzling Flash        Conj/Hex       66%        N/A       2%          3
d - Fulminant Prism       Conj/Hex       16%        3d11      8%          4
e - Iskenderun's Mystic   Conj/Tloc      33%        2d8       8%          4
f - Beastly Appendage     Tmut           66%        N/A       1%          1
g - Wereblood             Tmut           33%        N/A       1%          2
h - Gell's Gravitas       Tloc           33%        N/A       2%          3
Your spell library was empty.

Dungeon Overview and Level Annotations

Branches:
Dungeon (6/15)             Temple (1/1) D:4

Altars:
Ashenzari
Cheibriados
Dithmenos
Fedhas
Hepliaklqana
Makhleb
Nemelex Xobeh
Okawaru
Ru
Wu Jian
Xom
Zin

Shops:
D:5 :

Annotations:
D:3 2 transporters, Mesmaeker13's ghost, amateur OpTm


Innate Abilities, Weirdness & Mutations

You are immune to sickness and miasma.
You are immune to poison.
Your flesh is very heat resistant. (rF++)
You are vulnerable to cold. (rC-)
You float through the air rather than walking.
You learn spells naturally, not from books.
Your magical power is your life essence.
You have superior vitality. (+4 MHP)


Message History

The gnoll attacks as you move away! The gnoll hits you but does no damage.
There is an open door here.
You feel much better. The gnoll completely misses you.
You barely miss the gnoll. The gnoll completely misses you.
You slice the gnoll!!
You kill the gnoll!
Makhleb accepts your kill.
The gnoll hits you from afar with a +0 spear.
The gnoll barely misses you.
Casting: Searing Ray (safe; 1% risk of failure)
Confirm with . or Enter, or press ? or * to list all spells.
Okay, then.
Unknown command.
Casting: Searing Ray (safe; 1% risk of failure)
Confirm with . or Enter, or press ? or * to list all spells.
Casting: Dazzling Flash (dangerous; 2% risk of failure)
Press: ? - help, Dir - look around, f - activate The gnoll is dazzled. x2
The gnoll hits you from afar with a +0 spear.
The gnoll misses you.
You are too injured to fight recklessly!
You are too injured to fight recklessly!
You barely miss the gnoll bouda.
The gnoll is no longer moving quickly.
The gnoll closely misses you. The gnoll hits you with a +0 flail.
The gnoll closely misses you.
The gnoll hits you from afar with a +0 spear.
You hit the gnoll bouda.
The gnoll bouda is poisoned.
The gnoll bouda is moderately wounded.
The gnoll is no longer moving quickly.
The gnoll misses you. The gnoll bouda barely misses you.
The gnoll closely misses you.
The gnoll hits you from afar with a +0 spear!
* * * LOW HITPOINT WARNING * * *
You slash the gnoll bouda!
The gnoll bouda looks as sick as possible!
The gnoll bouda is almost dead.
The gnoll is no longer moving quickly.
The gnoll bouda hits you with a +0 club!
* * * LOW HITPOINT WARNING * * *
The gnoll hits you from afar with a +0 spear.
You die...

............##......##
.....................# ##
#....##.........<....#
..########).............#
.........[.............##
.......................#
.......[##.....##......#
........#####+###......#
####..........gg@......+
..##..........g#g......#
...#...........##......#
...#..........g#########
...#..........g........#
...#...................##
..##....................#
..##...........##......##
...............##......#


You could see a gnoll bouda (extremely poisoned) and 3 gnolls.

Vanquished Creatures
  Pargi (D:3)
  A black bear (D:5)
  An ogre (D:5)
  A phantom (D:5)
  A bullfrog (D:4)
  4 scorpions
  A necrophage (D:4)
  A crimson imp (D:5)
  2 hounds (D:4)
  2 orc priests
  Jessica (D:2)
  Ijyb (D:4)
  An iguana (D:5)
  7 orc wizards
  A gnoll (D:6)
  4 adders
  A shadow imp (D:6)
  A white imp (D:5)
  4 ufetubi
  A worm (D:3)
  3 dart slugs
  12 orcs
  2 bats
  7 endoplasms
  A giant cockroach (D:1)
  6 goblins
  6 hobgoblins
  10 kobolds
  2 quokkas
  9 ball pythons
  2 frilled lizards (D:3)
  2 rats
99 creatures vanquished.

Vanquished Creatures (others)
  2 plants (D:2)
2 creatures vanquished.

Grand Total: 101 creatures vanquished

Notes
Turn   | Place    | Note
-------+----------+-------------------------------------------
     0 | D:1      | wilfster70 the Djinni Conjurer began the quest for the Orb.
     0 | D:1      | wilfster70 set off with the following spells memorised:
                  | Magic Dart, Searing Ray, Dazzling Flash, Fulminant Prism,
                  | Iskenderun's Mystic Blast.
     0 | D:1      | Reached XP level 1. HP: 15/15 MP: 0/0
   431 | D:1      | Reached XP level 2. HP: 18/21 MP: 0/0
  1120 | D:2      | Noticed Jessica
  1130 | D:2      | Killed Jessica
  1131 | D:2      | Reached XP level 3. HP: 18/25 MP: 0/0
  1131 | D:2      | Learned a level 1 spell: Beastly Appendage
  1204 | D:2      | Found a faded altar of an unknown god.
  1497 | D:2      | Reached XP level 4. HP: 29/31 MP: 0/0
  2241 | D:3      | Noticed Pargi
  2257 | D:3      | Killed Pargi
  2258 | D:3      | Reached skill level 5 in Spellcasting
  2258 | D:3      | Reached XP level 5. HP: 5/35 MP: 0/0
  2258 | D:3      | Learned a level 2 spell: Wereblood
  2553 | D:3      | Found a transporter.
  2553 | D:3      | Noticed an ogre
  2554 | D:3      | Noticed Mesmaeker13's ghost (amateur OpTm)
  2555 | D:3      | Noticed an ogre
  2794 | D:3      | Found a transporter.
  2906 | D:4      | Found a shadowy altar of Dithmenos.
  3060 | D:3      | Identified a scroll of acquirement
  3060 | D:3      | Acquired the +10 lajatang of Salt {venom, rPois MP-9 Str+2}
  3070 | D:3      | HP: 1/35 [orc wizard/+0 dagger (1)]
  3071 | D:3      | Reached XP level 6. HP: 1/40 MP: 0/0
  3553 | D:4      | Found a hazy altar of Hepliaklqana.
  3970 | D:4      | Reached skill level 1 in Staves
  3970 | D:4      | Reached XP level 7. HP: 34/45 MP: 0/0
  3970 | D:4      | Learned a level 3 spell: Gell's Gravitas
  3987 | D:4      | Noticed Ijyb
  4009 | D:4      | Killed Ijyb
  4538 | D:4      | Found a staircase to the Ecumenical Temple.
  4548 | Temple   | Entered the Ecumenical Temple
  4617 | D:5      | Entered Level 5 of the Dungeon
  4933 | D:5      | Reached XP level 8. HP: 42/50 MP: 0/0
  5125 | D:4      | Reached skill level 5 in Staves
  5639 | D:5      | Found Axtoffus's Tremendous Tomes.
  5736 | D:5      | Reached skill level 1 in Fighting
  5915 | D:5      | Found a shimmering altar of Xom.
  5916 | D:5      | Found a burning altar of Makhleb.
  5929 | D:5      | Became a worshipper of Makhleb the Destroyer
  6457 | D:6      | HP: 1/56 [gnoll bouda/+0 club (9)]
  6457 | D:6      | Slain by a gnoll

Illustrated notes

Levels and vault maps discovered:
D:1:      dpeg_arrival_round_a, layout_loops_ring, minmay_misc_feat_more_columns
D:2:      layout_rooms, serial_bayou, serial_bayou_pond_d, serial_bayou_pond_c,
          serial_bayou_lake_a, serial_bayou_ford_a,
          hellmonk_ecumenical_altar_prayer_group, minmay_cupped, uniq_jessica
D:3:      layout_basic, gammafunk_ghost_smash, nrook_mini_backslash, uniq_pargi
D:4:      minmay_angry_zag, layout_rooms, overflow_temple_1_default,
          nzn_hepliaklqana_mist_gate, temple_hall, uniq_ijyb
D:5:      layout_rooms, grunt_temple_overflow_champion_of_chaos,
          nicolae_shop_i_like_big_books
D:6:      layout_gridville
Temple:   hellmonk_temple_rainy

Skill      XL: |  1  2  3  4  5  6  7  8 |
---------------+-------------------------+-----
Spellcasting   | 4 5 6 |  6.0
Staves         | 1 4 6 |  6.0
Fighting       | 3 |  3.3
Dodging        | |  2.1
Stealth        | |  1.5

Action                   |  1- 3 |  4- 6 |  7- 9 || total
-------------------------+-------+-------+-------++-------
Melee: Lajatang          |       |    21 |    68 ||    89
       Unarmed           |       |       |    19 ||    19
 Cast: Magic Dart        |    30 |    52 |     9 ||    91
       Searing Ray       |     4 |     9 |     8 ||    21
       Dazzling Flash    |       |       |     1 ||     1
  Use: Scroll            |     4 |     4 |     4 ||    12
       Potion            |       |     3 |     2 ||     5
 Stab: Sleeping          |       |       |     1 ||     1
Armor: Robe              |       |    12 |    15 ||    27
       Skin              |       |       |    10 ||    10
Dodge: Dodged            |     2 |    36 |    96 ||   134

Table legend: (Time is in decaauts)
 A = Elapsed time spent in this place.
 B = Non-inter-level travel time spent in this place.
 C = Inter-level travel time spent in this place.
 D = Time resting spent in this place.
 E = Time spent auto-exploring this place.
 F = Levels seen in this place.
 G = Mean time per level.
                   A        B        C        D        E       F      G
               +--------+--------+--------+--------+--------+-----+--------+
         Total |   6483 |   6261 |    222 |   2741 |   2248 |   7 |  926.1 |
       Dungeon |   6455 |   6241 |    214 |   2741 |   2248 |   6 | 1075.8 |
        Temple |     27 |     19 |      8 |      0 |      0 |   1 |   27.0 |
               +--------+--------+--------+--------+--------+-----+--------+

Top non-repeatable levels by time:
     D:4: 1886 daAuts
     D:2: 1314 daAuts
     D:1: 1103 daAuts
     D:5: 1025 daAuts
     D:3: 977 daAuts
     D:6: 147 daAuts
  Temple: 27 daAuts
